 Dungeon Crawl Stone Soup version 0.27.1 (webtiles) character file.

Game seed: 4353865198325992413

17 Kala the Ruffian (level 2, 23/23 HPs)
             Began as a Draconian Transmuter on Sept 1, 2021.
             Quit the game on level 1 of the Dungeon.
             The game lasted 00:00:47 (272 turns).

Kala the Ruffian (Draconian Transmuter)              Turns: 272, Time: 00:00:47

Health: 23/23      AC:  4    Str: 12    XL:     2   Next: 44%
Magic:  5/5        EV: 12    Int: 13    God:
Gold:   27         SH:  0    Dex: 11    Spells: 4/5 levels left

rFire    . . .     SeeInvis .     - Unarmed
rCold    . . .     Faith    .   (no shield)
rNeg     . . .     Spirit   .   (armour unavailable)
rPois    .         Reflect  .   (helmet restricted)
rElec    .         Harm     .   (no cloak)
rCorr    .         Rampage  .   (no gloves)
Will     .....                  (no boots)
Stlth    +.........             (no amulet)
HPRegen  0.07/turn              (no ring)
MPRegen  0.09/turn              (no ring)

@: no status effects
A: AC +4, unfitting armour, cold-blooded
a: no special abilities


You were on level 1 of the Dungeon.
You visited 1 branch of the dungeon, and saw 1 of its levels.

You collected 27 gold pieces.

Inventory:

Scrolls
 a - a scroll of identify {unknown}
 b - a scroll of silence {unknown}


   Skills:
 + Level 1.1 Fighting
 + Level 1.9 Dodging
 + Level 3.5 Unarmed Combat
 + Level 2.2 Spellcasting
 + Level 2.1 Transmutations


You had 4 spell levels left.
You knew the following spells:

 Your Spells              Type           Power      Damage    Failure   Level
a - Beastly Appendage     Tmut           14%        N/A       11%         1

Your spell library contained the following spells:

 Spells                   Type           Power      Damage    Failure   Level
 Wereblood                Tmut           7%         N/A       16%         2
 Spider Form              Tmut/Pois      2%         N/A       43%         3
 Ice Form                 Ice/Tmut       4%         N/A       85%         4


Dungeon Overview and Level Annotations

Branches:
Dungeon (1/15)

Altars:


Innate Abilities, Weirdness & Mutations

Your plain brown scales are hard. (AC +4)
You cannot fit into any form of body armour.
You are cold-blooded and may be slowed by cold attacks.


Message History

The ball python barely misses you. x2
Things that are here:
a +0 dagger; a goblin corpse You completely miss the ball python.
You headbutt the ball python.
You kill the ball python!
No target in view!
No target in view!
Your transformation is almost over.
Your horns disappear.
Your talons disappear.
A bat comes into view.
Casting: Beastly Appendage (safe; 11% risk of failure)
Confirm with . or Enter, or press ? or * to list all spells.
You grow a pair of large bovine horns.
Your feet morph into talons.
The bat barely misses you. The bat closely misses you.
The bat barely misses you.
Your transformation is almost over.
The bat barely misses you. x2
The bat closely misses you. The bat barely misses you.
You hit the bat. Your kick misses the bat. Your headbutt misses the bat.
The bat is heavily wounded.
The bat hits you but does no damage. The bat closely misses you.
You closely miss the bat. Your kick misses the bat.
The bat is heavily wounded.
The bat closely misses you.
You miss the bat. Your kick misses the bat.
The bat is heavily wounded.
The bat barely misses you.
You hit the bat but do no damage. Your headbutt misses the bat.
The bat is heavily wounded.
The bat misses you. The bat barely misses you.
The bat hits you but does no damage.
You barely miss the bat. You claw the bat.
You kill the bat!
No target in view!
Your horns disappear.
Your talons disappear.
You see here a bat corpse.
A jackal comes into view.
A hobgoblin comes into view.
Are you sure you want to abandon this character and quit the game? (Confirm with "yes".)

..# . #.......#
####.#### ..#
#.......# #......#
#.# #########
#.#.##.# .. #.#†# #
### ### #...# ..
#.### . #. #.####.#
g...##.#####......#
#....@.....######
####.####### h..
####


You could see a jackal (asleep) and a hobgoblin (asleep).

Vanquished Creatures
  A gnoll (D:1)
  A giant cockroach (D:1)
  A goblin (D:1)
  A hobgoblin (D:1)
  A ball python (D:1)
  2 bats (D:1)
  A frilled lizard (D:1)
8 creatures vanquished.

Notes
Turn   | Place    | Note
-------+----------+-------------------------------------------
     0 | D:1      | Kala the Draconian Transmuter began the quest for the Orb.
     0 | D:1      | Reached XP level 1. HP: 16/16 MP: 3/3
   169 | D:1      | Reached XP level 2. HP: 19/23 MP: 3/5
   272 | D:1      | Quit the game

Illustrated notes

Levels and vault maps discovered:
D:1:      psy_arrival_basics, layout_loops_cross,
          shapermc_ecumenical_altar_acropolis

Action                   || total
-------------------------++-------
Melee: Unarmed           ||    18
       Kick              ||     5
       Headbutt          ||     3
 Cast: Beastly Appendage ||     5
  Use: Potion            ||     1
Armor: Skin              ||     3
Dodge: Dodged            ||    21
